 Dungeon Crawl Stone Soup version 0.21-a0-364-gbd1fde4 (webtiles) character file.

65 nikopol the Covered (level 4, 0/40 HPs)
             Began as a Hill Orc Fighter on Oct 14, 2017.
             Slain by a hobgoblin
             ... wielding a +0 club
             ... led by Robin
              (5 damage)
             ... on level 2 of the Dungeon.
             The game lasted 00:01:58 (1512 turns).

nikopol the Covered (Hill Orc Fighter)              Turns: 1512, Time: 00:01:58

Health: 0/40       AC: 10    Str: 19    XL:     4   Next: 13%
Magic:  4/4        EV:  7    Int:  8    God:
Gold:   54         SH:  9    Dex: 10    Spells: 3/3 levels left

rFire    . . .     SeeInvis .   a - +0 trident
rCold    . . .     Gourm    .   c - +0 shield
rNeg     . . .     Faith    .   b - +0 scale mail
rPois    .         Spirit   .   n - +2 helmet
rElec    .         Reflect  .   (no cloak)
rCorr    .         Harm     .   (no gloves)
MR       .....                  (no boots)
Stlth    ..........             (no amulet)
HPRegen  0.13/turn              (no ring)
MPRegen  0.09/turn              (no ring)

@: no status effects
A: no striking features
a: no special abilities


You were on level 2 of the Dungeon.
You were very hungry.

You visited 1 branch of the dungeon, and saw 2 of its levels.

You collected 54 gold pieces.

Inventory:

Hand Weapons
 a - a +0 trident (weapon)
Missiles
 p - 6 steel javelins (quivered)
Armour
 b - a +0 scale mail (worn)
 c - a +0 shield (worn)
 n - a +2 helmet (worn)
Scrolls
 e - a scroll of fog {unknown}
 i - a scroll of immolation {unknown}
 j - a scroll of blinking {unknown}
 l - a scroll of remove curse {unknown}
 m - a scroll of noise {unknown}
 q - a scroll of amnesia {unknown}
Potions
 d - a potion of might
 g - 2 potions of flight {unknown}
 h - a potion of curing {unknown}
 o - a potion of mutation {unknown}
Comestibles
 f - 2 bread rations
 k - a meat ration


   Skills:
 + Level 3.9 Fighting
 + Level 3.0 Polearms
 + Level 4.1 Armour
 + Level 0.3 Dodging
 + Level 3.9 Shields


You had 3 spell levels left.
You didn't know any spells.

Dungeon Overview and Level Annotations

Branches:
Dungeon (2/15)

Altars:


Message History

You closely miss the goblin. You block the goblin's attack.
The goblin hits you but does no damage.
The hobgoblin hits you but does no damage.
The hobgoblin barely misses you. x2
You hit the goblin but do no damage.
The goblin no longer looks unusually strong.
The goblin completely misses you. You block the goblin's attack.
The hobgoblin hits you with a club.
* * * LOW HITPOINT WARNING * * *
The hobgoblin hits you but does no damage. x2
You block the goblin's attack. The goblin hits you but does no damage.
You puncture the goblin!
You kill the goblin!
Your Polearms skill increases to level 3!
The hobgoblin hits you but does no damage.
The hobgoblin barely misses you. You block the hobgoblin's attack.
You block the goblin's attack.
The hobgoblin no longer looks unusually strong.
The hobgoblin hits you with a club.
You die...

...............[....#
.
....................#
....................#
....................#
###.................#
########g.........#
#gg........#
#.g........#
#@g........#
#####......# #......#
#......# #......#
#......# ##...###
#...# #...#


You could see 3 hobgoblins and 2 goblins.

Vanquished Creatures
  Robin (D:2)
  3 adders (D:2)
  2 leopard geckos (D:1)
  3 bats
  A giant cockroach (D:2)
  3 hobgoblins
  A frilled lizard (D:1)
  5 goblins (D:2)
  5 kobolds
  2 rats (D:1)
26 creatures vanquished.

Notes
Turn   | Place    | Note
-------+----------+-------------------------------------------
     0 | D:1      | nikopol the Hill Orc Fighter began the quest for the Orb.
     0 | D:1      | Reached XP level 1. HP: 19/19 MP: 1/1
   335 | D:1      | Reached XP level 2. HP: 24/27 MP: 2/2
   710 | D:2      | Reached XP level 3. HP: 12/33 MP: 3/3
  1480 | D:2      | Reached skill level 4 in Armour
  1484 | D:2      | Noticed Robin
  1501 | D:2      | Killed Robin
  1501 | D:2      | Reached XP level 4. HP: 18/40 MP: 4/4
  1512 | D:2      | Slain by a hobgoblin

Vault maps used:
D:1:      nzn_arrival_crosshair, minivault_19
D:2:      minmay_crystal_water, uniq_robin

Skill      XL: |  1  2  3  4 |
---------------+-------------+-----
Armour         | 4 |  4.1
Polearms       | 3 |  3.0
Fighting       | |  3.9
Dodging        | |  0.3
Shields        | |  3.9

Action                   |  1- 3 |  4- 6 || total
-------------------------+-------+-------++-------
Melee: Trident           |   135 |    10 ||   145
  Eat: Chunk             |     1 |       ||     1
Armor: Scale mail        |    65 |    14 ||    79
Dodge: Dodged            |    41 |    12 ||    53
Block: Shield            |    66 |    20 ||    86

Table legend:
 A = Spawn XP
 B = Non-spawn XP
 C = Spawn XP percentage of total XP
 D = Spawn monster count
 E = Non-spawn monster count
 F = Spawn count percentage of total count
 G = Total turns spent on level
                    A         B        C        D         E        F      G
               +---------+---------+-------+---------+---------+-------+---------
         Total |       0 |      93 |   0.0 |       0 |      26 |   0.0 |  1512
               +---------+---------+-------+---------+---------+-------+---------
           D:1 |       0 |      19 |   0.0 |       0 |      12 |   0.0 |   696
           D:2 |       0 |      74 |   0.0 |       0 |      14 |   0.0 |   816
               +---------+---------+-------+---------+---------+-------+---------
